 Dungeon Crawl Stone Soup version 0.27-a0-1188-g73eefd5def (webtiles) character file.

Game seed: 2219061130734022629

7701 wakim the Grappler (level 11, -14/68 HPs)
             Began as an Octopode Transmuter on May 20, 2021.
             Was a Believer of Yredelemnul.
             Demolished by a red ugly thing (15 damage)
             ... on level 10 of the Dungeon.
             The game lasted 00:31:21 (10898 turns).

wakim the Grappler (Octopode Transmuter)           Turns: 10898, Time: 00:31:22

Health: -14/68     AC:  2    Str: 19    XL:     11   Next: 19%
Magic:  15/17      EV: 25    Int: 16    God:    Yredelemnul [**....]
Gold:   339        SH:  0    Dex: 17    Spells: 6/18 levels left

rFire    . . .     SeeInvis +     - Unarmed
rCold    . . .     Faith    +   (shield currently unavailable)
rNeg     . . .     Spirit   .   (helmet currently unavailable)
rPois    .         Reflect  .   l - amulet of faith
rElec    .         Harm     .   g - +4 ring of slaying
rCorr    .         Rampage  .   k - ring of see invisible
Will     +....                  m - +6 ring of strength
Stlth    ++........             n - ring of willpower
HPRegen  0.21/turn              o - ring of poison resistance
MPRegen  0.15/turn              (no ring)
                                (no ring)
                                (no ring)

@: spider-form
A: venomous fangs, almost no armour, (amphibious), 8 rings, tiny, (camouflage
1), (gelatinous body 1), (nimble swimmer 1), (tentacles)
a: End Transformation, Renounce Religion, Animate Remains, Recall Undead Slaves,
Injury Mirror


You were on level 10 of the Dungeon.
You worshipped Yredelemnul.
Yredelemnul was pleased with you.
You were a venomous arachnid creature.
You visited 2 branches of the dungeon, and saw 11 of its levels.

You collected 777 gold pieces.
You spent 438 gold pieces at shops.

Inventory:

Missiles
 a - 19 boomerangs (quivered)
 c - 7 javelins
 d - 4 throwing nets {=f!f}
Armour
 e - a +0 buckler (melded)
Jewellery
 g - a +4 ring of slaying (left front leg)
 i - an amulet of regeneration
 k - a ring of see invisible (right front leg)
 l - an amulet of faith (around neck)
 m - a +6 ring of strength (on tentacle)
 n - a ring of willpower (on tentacle)
 o - a ring of poison resistance (on tentacle)
Wands
 u - a wand of mindburst (17)
 v - a wand of flame (47)
 w - a wand of acid (7)
Scrolls
 b - a scroll of amnesia
 r - a scroll of identify
 T - 5 scrolls of teleportation
 U - 2 scrolls of fear
Potions
 f - a potion of attraction {unknown}
 A - a potion of ambrosia
 C - a potion of berserk rage {!q}
 D - a potion of brilliance
 E - a potion of cancellation
 F - 2 potions of curing
 G - 2 potions of flight
 I - a potion of invisibility
 J - 5 potions of heal wounds
 K - a potion of magic
 L - 2 potions of lignification {!q}
 N - 2 potions of might
 O - 3 potions of resistance


   Skills:
 + Level 3.9 Fighting
 * Level 8.6 Dodging
 - Level 3.0 Stealth
 - Level 4.0 Shields
 + Level 10.7 Unarmed Combat
 - Level 4.0 Spellcasting
 + Level 7.2 Transmutations
 - Level 3.0 Air Magic


You had 6 spell levels left.
You knew the following spells:

 Your Spells              Type           Power      Damage    Failure   Level
a - Beastly Appendage     Tmut           52%        N/A       4%          1
b - Hydra Form            Tmut           13%        N/A       45%         5
s - Swiftness             Air            12%        N/A       32%         3
x - Spider Form           Tmut/Pois      7%         N/A       28%         3

Your spell library contained the following spells:

 Spells                   Type           Power      Damage    Failure   Level
 Wereblood                Tmut           26%        N/A       6%          2
 Shock                    Conj/Air       32%        1d5       22%         1
 Static Discharge         Conj/Air       8%         N/A       32%         2
 Magic Dart               Conj           12%        1d3       36%         1
 Summon Small Mammal      Summ           12%        N/A       36%         1
 Call Imp                 Summ           3%         N/A       47%         2
 Searing Ray              Conj           6%         3d3       47%         2
 Ice Form                 Ice/Tmut       14%        N/A       58%         4
 Airstrike                Air            6%         N/A       65%         4
 Call Canine Familiar     Summ           3%         N/A       67%         3
 Dazzling Flash           Conj/Hex       6%         N/A       67%         3
 Summon Guardian Golem    Hex/Summ       3%         N/A       67%         3
 Summon Lightning Spire   Summ/Air       8%         N/A       83%         4
 Fulminant Prism          Conj/Hex       1%         3d6       95%         4
 Iskenderun's Mystic Bla  Conj/Tloc      3%         2d3       95%         4
 Summon Ice Beast         Ice/Summ       3%         N/A       95%         4
 Lightning Bolt           Conj/Air       4%         1d15      98%         5


Dungeon Overview and Level Annotations

Branches:
Dungeon (10/15)            Temple (1/1) D:4            Lair (0/6) D:10
    Orc (0/2) D:9

Altars:
Ashenzari
Cheibriados
Gozag
Makhleb
Okawaru
Qazlal
Ru
Wu Jian
Yredelemnul

Shops:
D:2 *   D:9 :[[**

Portals:
Trove: D:10 (give 18 potions of curing)


Innate Abilities, Weirdness & Mutations

You are a venomous arachnid creature.
You have poisonous fangs.
You are tiny and dextrous.
Your spellcasting is less reliable in this form.
Your armour is entirely melded.
You are incapable of wielding weapons or throwing items.
You cannot wear most types of armour.
((You are amphibious.))
You can wear up to eight rings at the same time.
((Your skin changes colour to match your surroundings (Stealth+).))
((Your rubbery body absorbs attacks. (AC +1, EV +1)))
((You are camouflaged near water. (Stealth+)))
((You have tentacles for arms and can constrict up to eight enemies at once.))


Message History

The centaur closely misses you. The centaur misses you.
The centaur barely misses you. The centaur completely misses you.
You hit the centaur.
The centaur is lightly wounded.
The centaur completely misses you. x2
You barely miss the centaur.
The centaur is lightly wounded.
The centaur barely misses you. The centaur kicks you.
You bite the centaur!
The centaur is poisoned.
The centaur is severely wounded.
The centaur hits you. The centaur kicks you.
You maul the centaur!!
You kill the centaur!
Yredelemnul accepts your kill.
No target in view!
Your transformation is almost over.
Your transformation has ended.
Your +0 buckler unmelds from your body.
Things that are here:
a +0 shortbow; 28 arrows A red ugly thing comes into view.
The red ugly thing gurgles horribly!
Casting: Spider Form (dangerous; 12% risk of failure)
Confirm with . or Enter, or press ? or * to list all spells.
You turn into a venomous arachnid creature.
Your +0 buckler melds into your body.
You barely miss the red ugly thing. The red ugly thing punches you!
You are engulfed in flames!
Unknown command.
You bite the red ugly thing!
The red ugly thing is poisoned.
The red ugly thing is lightly wounded.
The red ugly thing punches you!
* * * LOW HITPOINT WARNING * * *
You are engulfed in flames!
* * * LOW HITPOINT WARNING * * *
The red ugly thing punches you!
* * * LOW HITPOINT WARNING * * *
You are engulfed in flames!
You die...
Your body rises from the dead as a mindless zombie.

.......# #........# #
.......# #........# #
.......# #...>....# #
.......# +........# ##
.......# #........# #.
####'### ####'##### #.
#....# ###.# #.
#'##### #...# #.
......# ###s##### #.
......# #.u.....# #.
......# ######.......#
#. ......#
#........(...# #.
.....(##..####.......#
###. ......##.
#.......# #...
......+. #.......#
#.## ......# #.......#
#.# ##'#### #########
#.#


You could see a red ugly thing (very poisoned).

Vanquished Creatures
  2 two-headed ogres
  A manticore (D:7)
  Grinder (D:6)
  6 yaks
  A wraith (D:9)
  2 wyverns (D:9)
  Sigmund (D:4)
  Grum (D:8)
  2 steam dragons
  Duvessa (D:4)
  An orc warrior (D:9)
  4 black bears
  A sky beast (D:5)
  2 ogres
  4 wolves (D:8)
  2 centaurs
  A phantom (D:5)
  A kobold brigand (D:7)
  2 bullfrogs
  A gnoll sergeant (D:9)
  2 scorpions
  Dowan (D:4)
  2 water moccasin skeletons
  9 killer bees
  4 howler monkeys
  5 wights (D:8)
  3 hounds
  A bullfrog skeleton (D:7)
  2 centaur zombies
  6 orc priests
  2 centaur skeletons
  3 gnoll shamans (D:8)
  An iguana (D:6)
  8 orc wizards
  8 adders
  14 gnolls
  A shadow imp (D:6)
  An adder skeleton (D:4)
  A worm (D:3)
  3 dart slugs
  21 orcs
  9 ball pythons
  5 endoplasms
  2 giant cockroaches
  4 goblins
  8 hobgoblins
  7 jackals
  13 kobolds
  3 quokkas
  7 bats
  A frilled lizard (D:3)
  3 rats
197 creatures vanquished.

Vanquished Creatures (collateral kills)
  A water moccasin skeleton (D:4)
1 creature vanquished.

Grand Total: 198 creatures vanquished

Notes
Turn   | Place    | Note
-------+----------+-------------------------------------------
     0 | D:1      | wakim the Octopode Transmuter began the quest for the Orb.
     0 | D:1      | Reached XP level 1. HP: 13/13 MP: 3/3
   334 | D:1      | Reached skill level 1 in Stealth
   601 | D:1      | Reached XP level 2. HP: 18/18 MP: 3/5
  1631 | D:2      | Found a faded altar of an unknown god.
  1680 | D:2      | Found Wyucam's Assorted Antiques.
  1685 | D:2      | Bought a scroll labelled DAFOGE HENO for 18 gold pieces
  1824 | D:2      | Reached XP level 3. HP: 23/23 MP: 4/6
  2080 | D:2      | Reached skill level 4 in Unarmed Combat
  2603 | D:3      | Reached XP level 4. HP: 28/28 MP: 5/7
  2698 | D:3      | Found an iron altar of Okawaru.
  2779 | D:3      | Learned a level 3 spell: Spider Form
  3151 | D:4      | Noticed a black bear
  3208 | D:4      | Noticed an ogre
  3274 | D:4      | Killed an ogre
  3275 | D:4      | Reached XP level 5. HP: 33/33 MP: 5/8
  3280 | D:4      | Reached skill level 5 in Unarmed Combat
  3280 | D:4      | Reached XP level 6. HP: 32/38 MP: 5/9
  3419 | D:3      | Killed a black bear
  3537 | D:4      | Noticed Sigmund
  3641 | D:4      | Reached XP level 7. HP: 32/43 MP: 8/10
  3666 | D:4      | Reached skill level 6 in Unarmed Combat
  3684 | D:4      | Noticed Duvessa
  3747 | D:5      | Entered Level 5 of the Dungeon
  4311 | D:5      | Reached skill level 1 in Shields
  4645 | D:6      | Reached XP level 8. HP: 40/48 MP: 5/11
  4733 | D:6      | Noticed a two-headed ogre
  4848 | D:6      | Noticed Grinder
  4932 | D:6      | Reached skill level 7 in Unarmed Combat
  5122 | D:6      | Reached skill level 5 in Transmutations
  5137 | D:6      | Found a burning altar of Makhleb.
  5137 | D:6      | Found a basalt altar of Yredelemnul.
  5184 | D:6      | Killed a two-headed ogre
  5185 | D:6      | Reached skill level 5 in Dodging
  5185 | D:6      | Reached skill level 8 in Unarmed Combat
  5185 | D:6      | Reached XP level 9. HP: 12/53 MP: 10/12
  5599 | D:7      | Learned a level 3 spell: Swiftness
  5768 | D:7      | Reached skill level 1 in Air Magic
  6087 | D:7      | Noticed a manticore
  6101 | D:7      | Killed a manticore
  6297 | D:6      | Became a worshipper of Yredelemnul the Dark
  6345 | D:6      | Found an opulent altar of Gozag.
  6345 | D:6      | Found a snail-covered altar of Cheibriados.
  6351 | D:6      | Found a stormy altar of Qazlal.
  6353 | D:6      | Found an ornate altar of the Wu Jian Council.
  6355 | D:6      | Found a broken altar of Ashenzari.
  6411 | D:7      | Reached skill level 9 in Unarmed Combat
  6574 | D:7      | Learned a level 5 spell: Hydra Form
  6816 | D:8      | Reached XP level 10. HP: 39/59 MP: 4/13
  7092 | D:8      | Reached * piety under Yredelemnul
  7264 | D:8      | Reached skill level 10 in Unarmed Combat
  7272 | D:8      | Noticed Grum
  7291 | D:8      | Killed Grum
  7825 | D:9      | Noticed a cyan ugly thing
  7960 | D:4      | Noticed Dowan
  7977 | D:4      | Killed Duvessa
  7992 | D:4      | Killed Sigmund
  8002 | D:4      | Killed Dowan
  8156 | D:4      | Found a staircase to the Ecumenical Temple.
  8160 | Temple   | Entered the Ecumenical Temple
  8358 | D:6      | Killed Grinder
  8529 | D:9      | Noticed a two-headed ogre
  8540 | D:9      | Killed a two-headed ogre
  8624 | D:9      | Found Ihayrot's Book Emporium.
  8674 | D:9      | Reached XP level 11. HP: 64/67 MP: 11/17
  9029 | D:9      | Reached ** piety under Yredelemnul
  9047 | D:9      | Found Bohopeff's Assorted Antiques.
  9056 | D:9      | Bought an iron ring for 120 gold pieces
  9056 | D:9      | Bought a small fluorescent amulet for 120 gold pieces
  9078 | D:9      | Found Fauchisi's Assorted Antiques.
  9087 | D:9      | Bought an ivory ring for 105 gold pieces
  9087 | D:9      | Bought a scroll labelled CEFREB JAKIKOA for 21 gold pieces
  9254 | D:9      | Found Nieleokh's Armour Emporium.
  9347 | D:9      | Found a staircase to the Orcish Mines.
  9613 | D:9      | Found Kodewa's Antique Armour Emporium.
  9636 | D:10     | Entered Level 10 of the Dungeon
  9843 | D:10     | Found a portal to a secret trove of treasure.
 10144 | D:2      | Bought a potion of curing for 54 gold pieces
 10541 | D:10     | Found a sacrificial altar of Ru.
 10605 | D:10     | Found a staircase to the Lair.
 10889 | D:10     | Noticed a red ugly thing
 10898 | D:10     | HP: 1/68 [red ugly thing (11)]
 10898 | D:10     | Demolished by a red ugly thing

Illustrated notes

Levels and vault maps discovered:
D:1:      evilmike_arrival_crescent, layout_basic
D:2:      layout_rooms, serial_shops, shop, hellmonk_ecumenical_altar_blasted,
          chequers_serial_rivers_large_a, minmay_pentomino_w4
D:3:      layout_rooms, okawaru_trees_1
D:4:      layout_rooms, temple_hall_moat, uniq_sigmund, uniq_duvessa
D:5:      layout_loops_cross
D:6:      layout_cave_pools, chequers_temple_overflow_minitemple,
          jmf_multi_god_temple, grunt_ministairs_6, uniq_grinder
D:7:      layout_loops_cross
D:8:      layout_loops_cross, uniq_grum
D:9:      layout_cave_pods, orc_0_dummy, serial_shops, nicolae_shop_stone, shop,
          nicolae_shop_behind_doors, shop, shop, grunt_ministairs_6
D:10:     layout_roguey, old_standard_altar, lair_entry_dummy,
          nicolae_trove_entry_free_sample
Temple:   nicolae_temple_figure_eight

Skill      XL: |  1  2  3  4  5  6  7  8  9 10 11 |
---------------+----------------------------------+-----
Stealth        | 1 2 3 |  3.0
Unarmed Combat | 4 5 6 8 9 10 | 10.7
Transmutations | 3 4 5 6 7 |  7.2
Dodging        | 3 5 6 8 |  8.6
Shields        | 1 4 |  4.0
Air Magic      | 3 |  3.0
Spellcasting   | 4 |  4.0
Fighting       | 3 |  3.9

Action                   |  1- 3 |  4- 6 |  7- 9 | 10-12 || total
-------------------------+-------+-------+-------+-------++-------
Melee: Unarmed           |    72 |    55 |   162 |   232 ||   521
       Constrict         |    26 |    10 |    17 |     8 ||    61
       Kick              |    17 |     4 |    10 |     3 ||    34
       Tentacles         |    17 |     4 |    13 |     5 ||    39
       Punch             |     2 |     1 |     6 |     3 ||    12
Throw: Boomerang         |     9 |    14 |     4 |     9 ||    36
 Cast: Beastly Appendage |    26 |    10 |     5 |     2 ||    43
       Spider Form       |       |     5 |    18 |    22 ||    45
       Hydra Form        |       |       |     3 |     1 ||     4
  Use: Scroll            |     5 |     6 |     7 |     8 ||    26
       Potion            |       |       |     1 |       ||     1
 Stab: Sleeping          |     3 |     3 |     2 |     2 ||    10
Armor: Skin              |    10 |     5 |    12 |     6 ||    33
Dodge: Dodged            |    48 |    48 |   131 |   164 ||   391
Block: Buckler           |       |       |    19 |    11 ||    30

Table legend: (Time is in decaauts)
 A = Elapsed time spent in this place.
 B = Non-inter-level travel time spent in this place.
 C = Inter-level travel time spent in this place.
 D = Time resting spent in this place.
 E = Time spent auto-exploring this place.
 F = Levels seen in this place.
 G = Mean time per level.
                   A        B        C        D        E       F      G
               +--------+--------+--------+--------+--------+-----+--------+
         Total |  10862 |   9715 |   1147 |    379 |   7172 |  11 |  987.5 |
       Dungeon |  10751 |   9628 |   1123 |    379 |   7088 |  10 | 1075.1 |
        Temple |    110 |     86 |     24 |      0 |     84 |   1 |  110.0 |
               +--------+--------+--------+--------+--------+-----+--------+

Top non-repeatable levels by time:
     D:1: 1462 daAuts
     D:7: 1309 daAuts
     D:9: 1207 daAuts
     D:6: 1172 daAuts
     D:8: 1102 daAuts
     D:2: 1016 daAuts
     D:5: 933 daAuts
    D:10: 900 daAuts
     D:3: 845 daAuts
     D:4: 801 daAuts
  Temple: 110 daAuts
